 Dungeon Crawl Stone Soup version 0.24.0-13-gcf9b3192b9 (webtiles) character file.

Game seed: 6353524733374682237, levelgen mode: deterministic

98 Matador8 the Firebug (level 4, -4/33 HPs)
             Began as a Draconian Fire Elementalist on Nov 10, 2019.
             Killed by divine providence
             ... invoked by an orc priest
              (17 damage)
             ... on level 3 of the Dungeon.
             The game lasted 00:09:50 (2687 turns).

Matador8 the Firebug (Draconian Fire Elementalist)  Turns: 2687, Time: 00:09:51

Health: -4/33      AC: 13    Str: 10    XL:     4   Next: 44%
Magic:  0/8        EV: 12    Int: 17    God:
Gold:   59         SH:  0    Dex: 11    Spells: 3/9 levels left

rFire    . . .     SeeInvis .   p - +2 dagger (protect)
rCold    . . .     Gourm    .   (no shield)
rNeg     . . .     Faith    .   (armour unavailable)
rPois    .         Spirit   .   (helmet restricted)
rElec    .         Reflect  .   (no cloak)
rCorr    .         Harm     .   (no gloves)
MR       .....                  e - +0 pair of boots
Stlth    ++........             (no amulet)
HPRegen  0.11/turn              (no ring)
MPRegen  0.11/turn              (no ring)

@: lethally poisoned (-4 -> -5), protection aura
A: unfitting armour, cold-blooded, AC +5
a: no special abilities


You were on level 3 of the Dungeon.
You were hungry.

You visited 1 branch of the dungeon, and saw 3 of its levels.

You collected 59 gold pieces.

Inventory:

Hand Weapons
 a - a +0 dagger
 n - a +2 dagger of speed
 p - a +2 dagger of protection (weapon)
Armour
 e - a +0 pair of boots (worn)
 j - a cursed +0 buckler
Scrolls
 d - 6 scrolls of identify {unknown}
 g - a scroll of enchant armour {unknown}
 h - a scroll of fear {unknown}
 m - a scroll of remove curse {unknown}
 o - a scroll of fog {unknown}
Potions
 c - 2 potions of curing {unknown}
 f - a potion of haste {unknown}
 i - a potion of brilliance {unknown}
 k - 2 potions of heal wounds {unknown}
 l - a potion of invisibility {unknown}
Comestibles
 b - 4 rations


   Skills:
 - Level 1.7 Dodging
 - Level 1.7 Stealth
 + Level 3.0 Spellcasting
 + Level 2.5 Conjurations
 + Level 3.8 Fire Magic


You had 3 spell levels left.
You knew the following spells:

 Your Spells              Type           Power        Failure   Level  Hunger
a - Flame Tongue          Conj/Fire      ##...        4%          1    None
b - Throw Flame           Conj/Fire      ##....       7%          2    ##.....
c - Conjure Flame         Conj/Fire      ##......     14%         3    ###....

Your spell library contained the following spells:

 Spells                   Type           Power        Failure   Level  Hunger
 Inner Flame              Hex/Fire       #.......     24%         3    ###....
 Sticky Flame             Conj/Fire      ##......     43%         4    ####...
 Fireball                 Conj/Fire      ##........   78%         5    ######.


Dungeon Overview and Level Annotations

Branches:
Dungeon (3/15)

Altars:
Wu Jian


Innate Abilities, Weirdness & Mutations

Your plain brown scales are hard. (AC +5)
You cannot fit into any form of body armour.
You are cold-blooded and may be slowed by cold attacks.


Message History

The orc priest hits you but does no damage.
Casting: Flame Tongue (safe; 4% risk of failure)
Confirm with . or Enter, or press ? or * to list all spells.
Aiming: Flame Tongue (safe; 4% risk of failure)
Press: ? - help, Shift-Dir - straight line, f/p - orc priest
Aim: an orc priest, wielding a +0 flail (lightly wounded)
The flame tongue hits the orc priest.
The orc priest is moderately wounded.
The orc priest mumbles some strange prayers to Beogh against you.
You barely resist. You hit the orc priest.
You tail-slap the orc priest, but do no damage.
The orc priest is heavily wounded.
The orc priest begins to cast a cantrip, but forgets the words!
You barely miss the orc priest. You tail-slap the orc priest.
The orc priest is severely wounded.
The orc priest mumbles some strange prayers to Beogh against you.
Beogh smites you!
Ouch! That really hurt!
You die...

.........
o...... ..K..
o.. .#
#o######.##
#o........
##........ #.#
#..#####.###.#
#.Koo@.......#
#..####.####.###
#..##.....##...#
..
#..#.......#.#.#
#.
#..#.......#...#
##
#......_......#
#..#.......#..#
#..#.......#†.#
#..##.....##(.#


You could see an orc priest, an orc and a kobold.

Vanquished Creatures
  An adder (D:3)
  2 oozes
  3 worms (D:2)
  3 dart slugs
  4 leopard geckos
  An orc (D:3)
  4 bats
  3 giant cockroaches
  6 goblins
  4 hobgoblins
  8 jackals
  6 kobolds
  3 frilled lizards
  11 rats
59 creatures vanquished.

Notes
Turn   | Place    | Note
-------+----------+-------------------------------------------
     0 | D:1      | Matador8 the Draconian Fire Elementalist began the quest
                  | for the Orb.
     0 | D:1      | Reached XP level 1. HP: 14/14 MP: 3/3
   178 | D:1      | Reached XP level 2. HP: 20/20 MP: 0/5
   829 | D:1      | Reached XP level 3. HP: 26/26 MP: 4/6
  1435 | D:2      | Learned a level 2 spell: Throw Flame
  2063 | D:2      | Reached XP level 4. HP: 33/33 MP: 2/8
  2123 | D:2      | Learned a level 3 spell: Conjure Flame
  2635 | D:3      | Found an ornate altar of the Wu Jian Council.
  2687 | D:3      | Killed from afar by an orc priest

Levels and vault maps discovered:
D:1:      ncdulo_halloftheorcs, layout_basic, serial_rivers,
          chequers_serial_rivers_room_a, chequers_serial_rivers_micro_d,
          chequers_serial_rivers_large_a, chequers_serial_rivers_micro_b,
          chequers_serial_rivers_micro_c, moated_statue, minmay_statues_item,
          nrook_mini_backslash, chequers_serial_rivers_small_a
D:2:      minmay_recursive_quarters, layout_loops_ring
D:3:      layout_basic, gammafunk_temple_overflow_claw, old_standard_altar,
          overflow_temple_1_default, first_ration

Skill      XL: |  1  2  3  4 |
---------------+-------------+-----
Conjurations   | 2 |  2.5
Spellcasting   | 3 |  3.0
Dodging        | |  1.7
Stealth        | |  1.7
Fire Magic     | |  3.8

Action                   |  1- 3 |  4- 6 || total
-------------------------+-------+-------++-------
Melee: Dagger            |    28 |    11 ||    39
       Tailslap          |     4 |     4 ||     8
 Cast: Flame Tongue      |    73 |    31 ||   104
       Throw Flame       |     5 |     1 ||     6
  Eat: Chunk             |     5 |     1 ||     6
Armor: Skin              |    15 |     6 ||    21
Dodge: Dodged            |    29 |    13 ||    42
